 Dungeon Crawl Stone Soup version 0.29.1-12-g30fa7ad0bf (webtiles) character file.

Game seed: 6374317929030967520

25 ghostp the Chopper (level 2, -3/27 HPs)
             Began as a Minotaur Berserker on Jan 6, 2023.
             Was a Follower of Trog.
             Slain by Crazy Yiuf
             ... wielding a +3 quarterstaff of chaos
              (11 damage)
             ... on level 2 of the Dungeon.
             The game lasted 00:09:14 (1766 turns).

ghostp the Chopper (Minotaur Berserker)             Turns: 1766, Time: 00:09:14

Health: -3/27      AC:  8    Str: 23    XL:     2   Next: 86%
Magic:  1/1        EV: 11    Int:  4    God:    Trog [*.....]
Gold:   85         SH:  0    Dex:  9    Spells: 1/1 levels left

rFire   . . .      SeeInvis .   a - +0 hand axe
rCold   . . .      Faith    .   (no shield)
rNeg    . . .      Spirit   .   t - +2 ring mail "Gogio" {Str+2 Slay+2 Stlth+}
rPois   .          Reflect  .   (helmet restricted)
rElec   .          Harm     .   m - +0 cloak
rCorr   .          Rampage  .   (no gloves)
Will    .....                   (no boots)
Stlth   +.........              (no amulet)
HPRegen 0.09/turn               (no ring)
MPRegen 0.07/turn               (no ring)

@: no status effects
A: horns 2, retaliatory headbutt
a: Renounce Religion, Berserk


You were on level 2 of the Dungeon.
You worshipped Trog.
Trog was aware of your devotion.
You visited 1 branch of the dungeon, and saw 2 of its levels.

You collected 115 gold pieces.
You spent 30 gold pieces at shops.

Inventory:

Hand Weapons
 a - a +0 hand axe (weapon)
 b - a +0 sling
 g - a +0 dagger of speed
Missiles
 d - 20 stones (quivered)
 r - 5 poisoned darts
Armour
 f - a +0 ring mail
 m - a +0 cloak (worn)
 o - a +0 kite shield
 t - the +2 ring mail "Gogio" (worn) {Str+2 Slay+2 Stlth+}
   (You found it on level 2 of the Dungeon)

   Str:       It affects your strength (+2).
   Slay:      It affects your accuracy & damage with ranged weapons and melee
   (+2).
   Stlth:     It makes you more stealthy.
Jewellery
 p - an amulet of faith
Scrolls
 h - a scroll of blinking {unknown}
 k - 2 scrolls of identify {unknown}
 l - a scroll of brand weapon {unknown}
 n - a scroll of butterflies {unknown}
 q - a scroll of immolation {unknown}
Potions
 c - a potion of might {unknown}
 e - a potion of berserk rage {unknown}
 i - a potion of ambrosia {unknown}
 j - 2 potions of attraction {unknown}
 s - a potion of curing


   Skills:
 + Level 3.9 Fighting
 * Level 4.3 Axes
 * Level 2.9 Armour
 + Level 2.4 Dodging


You had one spell level left.
You didn't know any spells.
Your spell library was empty.

Dungeon Overview and Level Annotations

Branches:
Dungeon (2/15)

Altars:
Yredelemnul

Shops:
D:2 !

Annotations:
D:2 Crazy Yiuf


Innate Abilities, Weirdness & Mutations

You have a pair of horns on your head.
You reflexively headbutt those who attack you in melee.


Message History

The giant cockroach bites you but does no damage.
The giant cockroach completely misses you.
You hit the giant cockroach.
You kill the giant cockroach!
Trog accepts your kill.
No target in view!
Found an escape hatch in the ceiling.
You see here the +2 ring mail "Gogio" {Str+2 Slay+2 Stlth+}.
t - the +2 ring mail "Gogio" {Str+2 Slay+2 Stlth+} You start removing your armour.
You continue taking off your +0 ring mail. x4
You finish taking off your +0 ring mail.
You start putting on your armour.
You continue putting on the +2 ring mail "Gogio" {Str+2 Slay+2 Stlth+}. x5
You finish putting on the +2 ring mail "Gogio" {Str+2 Slay+2 Stlth+}.
You feel stronger.
You now have 71 gold pieces (gained 15).
You now have 78 gold pieces (gained 7).
You now have 85 gold pieces (gained 7).
There is a stone staircase leading down here.
Crazy Yiuf shouts!
You open the door. You hit Crazy Yiuf. Your headbutt misses Crazy Yiuf.
Crazy Yiuf is moderately wounded.
Crazy Yiuf hits you with a +3 quarterstaff of chaos!
You closely miss Crazy Yiuf.
Crazy Yiuf is moderately wounded.
Crazy Yiuf hits you but does no damage.
You hit Crazy Yiuf but do no damage.
Crazy Yiuf is moderately wounded.
Crazy Yiuf closely misses you.
You slash Crazy Yiuf!
Crazy Yiuf is severely wounded.
Crazy Yiuf hits you with a +3 quarterstaff of chaos!
* * * LOW HITPOINT WARNING * * *
You resist with significant effort.
You hit Crazy Yiuf but do no damage.
Crazy Yiuf is severely wounded.
Crazy Yiuf hits you with a +3 quarterstaff of chaos!
You die...

### ♣♣####
#)..#♣♣ ♣♣....##
#...g@♣♣♣♣PP....#
#...#♣..♣.P.....#
### ♣♣♣.♣....#.#
##### ♣♣♣♣♣###.#
#...# #>.#
#...#######
########..##
#<..##....#
#...>......##
#...##....#
#####.......#
#...##....#
###...#...#.####


You could see Crazy Yiuf.

Vanquished Creatures
  2 dart slugs (D:2)
  3 endoplasms (D:1)
  2 giant cockroaches (D:2)
  A goblin (D:1)
  2 hobgoblins (D:1)
  2 quokkas
  A frilled lizard (D:1)
  3 kobolds
  4 rats
20 creatures vanquished.

Notes
Turn   | Place    | Note
-------+----------+-------------------------------------------
     0 | D:1      | ghostp the Minotaur Berserker began the quest for the Orb.
     0 | D:1      | Reached XP level 1. HP: 19/19 MP: 0/0
    51 | D:1      | Found a faded altar of an unknown god.
   585 | D:1      | Reached skill level 4 in Axes
   699 | D:1      | Reached XP level 2. HP: 27/27 MP: 1/1
  1270 | D:2      | Found a runed translucent door.
  1271 | D:2      | Noticed Crazy Yiuf
  1426 | D:2      | Found Suxzyonwit's Distillery.
  1435 | D:2      | Bought a potion of curing for 30 gold pieces
  1448 | D:2      | Found a basalt altar of Yredelemnul.
  1633 | D:2      | Identified the +2 ring mail "Gogio" {Str+2 Slay+2 Stlth+}
  1766 | D:2      | Slain by Crazy Yiuf

Illustrated notes

Levels and vault maps discovered:
D:1:      mrwooster_arrival_statue_3, layout_basic,
          chequers_ecumenical_altar_island
D:2:      layout_rooms, basic_altar, serial_corexii_hall,
          corexii_hall_statues_u, corexii_hall_statues_l, serial_shops,
          nicolae_shop_temple_entry_statues_fountains, uniq_crazy_yiuf_cottage

Skill      XL: |  1 |
---------------+----+-----
Axes           | 4 |  4.3
Fighting       | |  3.9
Armour         | |  2.9
Dodging        | |  2.4

Action                   || total
-------------------------++-------
Melee: Hand axe          ||    43
       Headbutt          ||     3
Armor: Animal skin       ||     1
       Ring mail         ||     9
Dodge: Dodged            ||    27
